 Dungeon Crawl Stone Soup version 0.31-a0-237-g2d982f9f85 (webtiles) character file.

Game seed: 716858572687582562

39 qw the Shooter (level 3, -5/29 HPs)
             Began as a Minotaur Hexslinger on July 11, 2023.
             Slain by a worm (7 damage)
             ... on level 2 of the Dungeon.
             The game lasted 00:00:24 (714 turns).

qw the Shooter (Minotaur Hexslinger)                 Turns: 714, Time: 00:00:25

Health: -5/29      AC:  2    Str: 12    XL:     3   Next: 26%
Magic:  3/3        EV: 12    Int: 10    God:
Gold:   15         SH:  0    Dex: 14    Spells: 3/4 levels left

rFire   . . .        Y - +1 sling
rCold   . . .        (no shield)
rNeg    . . .        c - +0 robe
rPois   .            (helmet restricted)
rElec   .            (no cloak)
rCorr   .            (no gloves)
SInv    .            (no boots)
Will    .....        (no amulet)
Stlth   +            (no ring)
HPRegen 0.24/turn    (no ring)
MPRegen 0.08/turn

%: no passive effects
@: no status effects
A: horns 2, retaliatory headbutt
a: no special abilities


You were on level 2 of the Dungeon.
You visited 1 branch of the dungeon, and saw 2 of its levels.

You collected 107 gold pieces.
You spent 92 gold pieces at shops.


Innate Abilities, Weirdness & Mutations

You have a pair of horns on your head.
You reflexively headbutt those who attack you in melee.


   Skills:
 - Level 2.0 Fighting
 + Level 3.9 Ranged Weapons
 - Level 2.1 Dodging
 - Level 1.0 Spellcasting
 - Level 2.0 Hexes


You had 3 spell levels left.
You knew the following spells:

 Your Spells              Type           Power      Damage    Failure   Level
a - Slow                  Hex            16%        N/A       16%         1

Your spell library contained the following spells:

 Spells                   Type           Power      Damage    Failure   Level
 Inner Flame              Hex/Fire       2%         N/A       56%         3
 Portal Projectile        Hex/Tloc       4%         N/A       56%         3
 Cause Fear               Hex            2%         N/A       83%         4

Inventory:

Hand Weapons
 Y - a +1 sling (weapon)
Armour
 c - a +0 robe (worn)
 d - a -2 pair of boots
 g - a +0 ring mail
Scrolls
 a - 2 scrolls of identify
Potions
 b - 2 potions of cancellation {unknown}
 e - a potion of brilliance {unknown}
 f - a potion of resistance {unknown}

Dungeon Overview and Level Annotations

Branches:
Dungeon (2/15)

Altars:

Shops:
D:2 [

Annotations:
D:2 Jessica


Message History

The worm is lightly wounded.
You shoot a sling bullet. The sling bullet hits the worm.
The worm is moderately wounded.
You shoot a sling bullet. The sling bullet hits the worm.
The worm is heavily wounded.
You shoot a sling bullet.
The sling bullet barely misses the worm.
The worm bites you!
You shoot a sling bullet. The sling bullet hits the worm.
The worm is moderately wounded.
You shoot a sling bullet.
The sling bullet barely misses the worm.
The ball python hisses angrily.
The worm bites you.
You shoot a sling bullet. The sling bullet hits the worm.
The worm is moderately wounded.
Jessica the Apprentice Sorceress comes into view.
She is wielding a +0 dagger.
The worm barely misses you.
You shoot a sling bullet.
Jessica shouts!
The sling bullet hits the worm.
The worm is heavily wounded.
You hear a shout!
Jessica shouts, "Stop bothering me, or I'll kill you!"
Jessica casts a spell.
Jessica blinks!
You shoot a sling bullet.
The sling bullet hits the worm but does no damage.
The worm is heavily wounded.
The worm bites you!
Jessica mumbles some strange words.
Jessica blinks!
You shoot a sling bullet. The sling bullet hits the worm.
The worm is heavily wounded.
The worm bites you!
You shoot a sling bullet. The sling bullet hits the worm!
The worm is almost dead.
A kobold comes into view. It is wielding a +0 club.
The worm bites you!
You die...

.#.##.#.........
##)##.##.#####....#
#.##.##.# #....#
#.##....#####....#
#................#
#........####..@.#
##.....##....#....#
.#.#########.#....#
.# #....@ยค# .#
####.#w# .# #.#S.#
.# #...... ##
####.#.. ... ......
##### ##...K ....#
. .. [.#.#


You could see a worm, Jessica, a ball python and a kobold.

Vanquished Creatures
  2 dart slugs (D:1)
  A bat (D:1)
  5 endoplasms
  2 giant cockroaches (D:1)
  2 hobgoblins
  A quokka (D:1)
  4 ball pythons (D:1)
  4 frilled lizards
  7 goblins
  A kobold (D:1)
  6 rats
35 creatures vanquished.

Notes
Turn   | Place    | Note
-------+----------+-------------------------------------------
     0 | D:1      | qw the Minotaur Hexslinger began the quest for the Orb.
     0 | D:1      | Reached XP level 1. HP: 16/16 MP: 1/1
     0 | D:1      | 0 ||| qw: Version: 0.3-a-52-g30416fa
     0 | D:1      | 0 ||| qw: Game counter: 5449
     0 | D:1      | 0 ||| qw: Melee chars always use a shield: true
     0 | D:1      | 0 ||| qw: God list: Okawaru
     0 | D:1      | 0 ||| qw: Allow faded altars: false
     0 | D:1      | 0 ||| qw: Do Orc after clearing Dungeon:15 true
     0 | D:1      | 0 ||| qw: Do second Lair branch before Depths: true
     0 | D:1      | 0 ||| qw: Lair rune preference: random
     0 | D:1      | 0 ||| qw: Goals: Normal
     0 | D:1      | 0 ||| PLANNING D:1-11
    78 | D:1      | Reached skill level 3 in Ranged Weapons
    78 | D:1      | Reached XP level 2. HP: 23/23 MP: 2/2
    85 | D:1      | 85 ||| FLEEEEING.
    86 | D:1      | 86 ||| FLEEEEING.
   172 | D:1      | Found a faded altar of an unknown god.
   307 | D:1      | Reached XP level 3. HP: 29/29 MP: 3/3
   584 | D:1      | 584 ||| READING 2 scrolls labelled SATUQO IBIL.
   585 | D:1      | 585 ||| READING scroll labelled ONU BUOFEELI.
   588 | D:1      | 588 ||| READING scroll labelled CUNEXEFERI.
   589 | D:1      | 589 ||| DROPPING scroll of poison.
   611 | D:2      | Found Puech's Antique Armour Shoppe.
   620 | D:2      | 620 ||| SHOPLISTING glowing cloak (172 gold, have 94).
   620 | D:2      | 620 ||| BUYING ring mail (92 gold).
   620 | D:2      | Bought a ring mail for 92 gold pieces
   710 | D:2      | Noticed Jessica
   713 | D:2      | HP: 1/29 [worm (10)]
   714 | D:2      | Slain by a worm

Levels and vault maps discovered:
D:1:      dpeg_arrival_arbitrary_c, layout_basic, ebering_ecumenical_altar_webs,
          serial_glass, glass_columns_c, glass_columns_a,
          minmay_misc_feat_hallway, grunt_decor_one_mirror, st_stairs_3
D:2:      cheibrodos_helix_gallery, layout_basic, serial_shops,
          nicolae_shop_scrapyard, minmay_misc_feat_rows, minmay_tromino_mix6,
          uniq_jessica

Skill      XL: |  1  2 |
---------------+-------+-----
Ranged Weapons | 3 |  3.9
Fighting       | 2 |  2.0
Dodging        | |  2.1
Spellcasting   | |  1.0
Hexes          | |  2.0

Action                     || total
---------------------------++-------
   Fire: Sling             ||    95
    Use: Scroll            ||     3
 Armour: Robe              ||     3
  Dodge: Dodged            ||    15

Table legend:
 A = Non-vault XP
 B = Vault XP
 C = Vault XP percentage of total XP
 D = Non-vault monster count
 E = Vault monster count
 F = Vault count percentage of total count
                 A         B        C        D         E       F
            +---------+---------+-------+---------+---------+-------
      Total |      54 |       2 |   3.6 |      33 |       2 |   5.7
            +---------+---------+-------+---------+---------+-------
        D:1 |      45 |       2 |   4.3 |      27 |       2 |   6.9
        D:2 |       9 |       0 |   0.0 |       6 |       0 |   0.0
            +---------+---------+-------+---------+---------+-------
